 Dungeon Crawl Stone Soup version 0.18-a0-1805-g8ab820f (webtiles) character file.

3675 epen the Zephyrmancer (level 9, 0/51 HPs)
             Began as a Deep Elf Air Elementalist on Apr 26, 2016.
             Was a Follower of Vehumet.
             Slain by Erica
             ... wielding a +4 scimitar of flaming
              (4 damage)
             ... on level 8 of the Dungeon.
             The game lasted 00:47:39 (15085 turns).

epen the Zephyrmancer (Deep Elf Air Elementalist)  Turns: 15085, Time: 00:47:40

Health: 0/51       AC:  6    Str:  5    XL:     9   Next: 89%
Magic:  15/21      EV: 17    Int: 24    God:    Vehumet [*.....]
Gold:   407        SH:  0    Dex: 15    Spells: 5 memorised, 9 levels left

rFire  + . .     SeeInvis .     C - staff of fire
rCold  . . .     Gourm    .     O - +1 robe {MR+}
rNeg   . . .     Faith    .     (no shield)
rPois  .         Spirit   .     k - +0 hat
rElec  .         Dismiss  .     r - +2 cloak {MR+}
rCorr  .         Reflect  .     (no gloves)
SustAt .         Harm     .     (no boots)
MR     ++...                    g - amulet of magic regeneration
Stlth  +++.......               o - ring of stealth
                                d - +1 ring of evasion

@: repel missiles, very resistant to hostile enchantments, fairly stealthy
A: no striking features
a: Renounce Religion


You were on level 8 of the Dungeon.
You worshipped Vehumet.
Vehumet was aware of your devotion.
You were near starving.

You visited 1 branch of the dungeon, and saw 8 of its levels.
You also visited: Sewer and Ossuary.

You collected 407 gold pieces.

Inventory:

Hand Weapons
 h - a +1 dagger of venom
 G - a +0 trident
 J - a +4 quarterstaff of chaos
Armour
 k - a +0 hat (worn)
 r - a +2 cloak of magic resistance (worn)
 u - a +0 buckler
 O - a +1 robe of magic resistance (worn)
Magical Staves
 m - an uncursed staff of summoning
 C - an uncursed staff of fire (weapon)
Jewellery
 d - a +1 ring of evasion (left hand)
 g - an amulet of magic regeneration (around neck)
 o - a ring of stealth (right hand)
Wands
 e - a wand of flame (8/48)
 q - a wand of teleportation (7/9)
 E - a wand of flame (23/48)
 F - a wand of random effects (25/48)
 H - a wand of digging (15/24)
 K - a wand of iceblast (7/15)
 L - a wand of iceblast (6/15)
Scrolls
 a - a scroll of vulnerability {unknown}
 f - 4 scrolls of immolation
 i - a scroll of enchant armour
 l - 3 scrolls of remove curse
 p - 2 scrolls of blinking
 s - a scroll of fog
 t - a scroll of enchant weapon
 x - 2 scrolls of fear
 y - a scroll of magic mapping
 P - a scroll of teleportation
Potions
 n - 2 potions of haste
 v - 2 potions of cancellation
 w - 5 potions of curing
 z - a potion of agility
 A - 3 potions of lignification
 B - a potion of cure mutation
 D - 3 potions of might
 I - a potion of brilliance
 N - a potion of invisibility
 Q - a potion of ambrosia {unknown}
Books
 b - a book of Air

   Spells                             Type                      Level
   a - Shock                          Conjuration/Air              1
   b - Swiftness                      Charms/Air                   2
   c - Repel Missiles                 Charms/Air                   2
   d - Static Discharge               Conjuration/Air              3
   e - Lightning Bolt                 Conjuration/Air              5
Comestibles
 c - 7 bread rations
 j - a beef jerky
 M - a meat ration


   Skills:
 + Level 3.3 Fighting
 + Level 6.6 Dodging
 - Level 2.4 Stealth
 + Level 6.9 Spellcasting
 * Level 8.2 Conjurations
 + Level 5.4 Charms
 * Level 8.5 Air Magic


You had 9 spell levels left.
You knew the following spells:

 Your Spells              Type           Power        Failure   Level  Hunger
a - Shock                 Conj/Air       ####         1%          1    None
b - Repel Missiles        Chrm/Air       #####.       1%          2    None
c - Static Discharge      Conj/Air       #####...     1%          3    None
d - Lightning Bolt        Conj/Air       #####.....   8%          5    #####..
e - Sandblast             Erth           #.....       10%         1    None


Dungeon Overview and Level Annotations

Branches:
Dungeon (8/15)             Temple (0/1) D:7
   Lair: D:8-11

Altars:
Dithmenos
Elyvilon
Makhleb
Nemelex Xobeh
Okawaru
Pakellas
Vehumet
Yredelemnul
The Shining One

Annotations:
D:5 Menkaure; eragonby's ghost, novice GrFi
D:7 Joseph
D:8 exclusion: orange crystal statue, Erica


Message History

Aiming: Lightning Bolt
Press: ? - help, Shift-Dir - straight line, f/p - Erica
Aim: Erica, wielding a scimitar of flaming and wearing a runed robe (severely wounded)
You hear a mighty clap of thunder!
The bolt of lightning hits Erica.
Erica is almost dead.
You are near starving!
Erica mumbles some strange words.
Erica flickers and vanishes!
Deactivating autopickup; reactivate with Ctrl-A.
You swing at nothing.
You swing at nothing.
You swing at nothing.
You swing at nothing.
You hit something. Something hits you!! Something burns you.
You hit something. Something hits you! Something burns you.
You hit something but do no damage. Something hits you!
* * * LOW HITPOINT WARNING * * *
Something burns you.
You die...

##.################
#..................
##.################
#.# #.# #.# #.# #.#
. #@# .. #.# #...
#.# ......
##.###.......@..###
#....'...>.........
###########..!..###
.


There were no monsters in sight!

Vanquished Creatures
  Pikel (D:7)
  Maurice (D:8)
  Psyche (D:8)
  A steam dragon (D:8)
  2 orc warriors
  2 slaves (D:7)
  A black bear (D:6)
  2 ogres
  3 centaurs
  An elf zombie (Ossuary)
  4 giant frogs
  A water moccasin skeleton (D:7)
  5 wights (D:7)
  A jelly (D:6)
  A giant frog zombie (D:6)
  A centaur zombie (Ossuary)
  An orc priest (D:6)
  2 wasp zombies (D:6)
  4 hounds
  A human zombie (Ossuary)
  Crazy Yiuf (D:5)
  A centaur skeleton (D:4)
  A giant frog skeleton (D:5)
  2 orc wizards
  An iguana (D:7)
  3 worker ants
  A big kobold zombie (Ossuary)
  4 ogre zombies (Ossuary)
  2 hound skeletons
  8 mummies
  3 gnolls (D:5)
  20 adders
  A shadow imp (D:5)
  16 oozes
  4 adder skeletons
  3 adder zombies
  3 worms
  A dart slug (D:1)
  15 giant geckos
  20 orcs
  10 ball pythons
  5 bats
  11 giant cockroaches
  10 goblins
  7 hobgoblins
  8 jackals
  A quokka (D:5)
  A giant gecko skeleton (D:4)
  10 giant newts
  2 goblin zombies (Ossuary)
  5 hobgoblin zombies (Ossuary)
  8 kobolds
  8 kobold zombies
  An orc zombie (D:4)
  3 quokka zombies (Ossuary)
  5 rats
  3 rat zombies (Ossuary)
244 creatures vanquished.

Vanquished Creatures (others)
  A hungry ghost (D:7)
  A slave (D:7)
2 creatures vanquished.

Grand Total: 246 creatures vanquished

Notes
Turn   | Place    | Note
--------------------------------------------------------------
     0 | D:1      | epen the Deep Elf Air Elementalist began the quest for the Orb.
     0 | D:1      | Reached XP level 1. HP: 10/10 MP: 6/6
    97 | D:1      | Reached XP level 2. HP: 5/15 MP: 0/8
   682 | D:1      | Learned a level 2 spell: Repel Missiles
  1094 | D:2      | Reached XP level 3. HP: 19/19 MP: 7/9
  1537 | D:2      | Learned a level 3 spell: Static Discharge
  2193 | D:3      | Reached XP level 4. HP: 11/24 MP: 2/11
  2324 | D:3      | Found a glowing drain.
  2394 | Sewer    | Entered a sewer
  2590 | Sewer    | Reached XP level 5. HP: 26/28 MP: 1/12
  3408 | Sewer    | Reached XP level 6. HP: 33/33 MP: 3/13
  3417 | Sewer    | Reached skill level 1 in Fighting
  4025 | D:3      | Reached skill level 5 in Air Magic
  4631 | D:4      | Found a sand-covered staircase.
  4698 | Ossuary  | Entered an ossuary
  5335 | Ossuary  | Reached XP level 7. HP: 26/38 MP: 4/15
  6148 | Ossuary  | Reached skill level 5 in Conjurations
  6721 | D:4      | Learned a level 5 spell: Lightning Bolt
  7578 | D:5      | Entered Level 5 of the Dungeon
  7578 | D:5      | Found an iron altar of Okawaru.
  7799 | D:5      | Found a white marble altar of Elyvilon.
  7800 | D:5      | Found a burning altar of Makhleb.
  7862 | D:5      | Reached skill level 5 in Spellcasting
  7865 | D:5      | Noticed eragonby's ghost (novice GrFi)
  8123 | D:4      | Reached XP level 8. HP: 33/43 MP: 1/17
  8283 | D:5      | Found an oddly glowing altar of Pakellas.
  8283 | D:5      | Found a basalt altar of Yredelemnul.
  8285 | D:5      | Found a sparkling altar of Nemelex Xobeh.
  8289 | D:5      | Found a glowing golden altar of the Shining One.
  8290 | D:5      | Found a shadowy altar of Dithmenos.
  8678 | D:5      | Found a burning altar of Makhleb.
  9083 | D:5      | Noticed Menkaure
  9205 | D:6      | Reached skill level 5 in Dodging
  9504 | D:6      | Reached skill level 1 in Charms
 10028 | D:6      | Found a radiant altar of Vehumet.
 10037 | D:6      | Became a worshipper of Vehumet
 10986 | D:5      | Noticed Crazy Yiuf
 11017 | D:5      | Killed Crazy Yiuf
 11325 | D:5      | HP: 2/44 [eragonby's ghost (6)]
 12450 | D:7      | Found a staircase to the Ecumenical Temple.
 12638 | D:7      | Reached XP level 9. HP: 37/49 MP: 3/19
 13326 | D:7      | Noticed Pikel
 13344 | D:7      | Killed Pikel
 13512 | D:7      | Noticed Joseph
 14167 | D:8      | Noticed Maurice
 14181 | D:8      | Reached * piety under Vehumet
 14181 | D:8      | Offered knowledge of Sandblast by Vehumet.
 14195 | D:8      | Killed Maurice
 14195 | D:8      | Reached skill level 5 in Charms
 14464 | D:8      | Learned a level 1 spell: Sandblast
 14516 | D:8      | Noticed Psyche
 14528 | D:8      | Killed Psyche
 14536 | D:8      | Noticed Erica
 14766 | D:8      | Noticed an orange crystal statue
 15085 | D:8      | Slain by Erica

Vault maps used:
D:1:      lemuel_arrival_funnel, st_stairs_11
D:3:      gup_sewer_entry_glass
D:4:      kennysheep_spiral_hall, nicolae_ossuary_entry_giza
D:5:      grunt_temple_overflow_open, basic_altar, first_bread,
          grunt_ministairs_6, uniq_menkaure, uniq_crazy_yiuf_cottage
D:6:      vehumet_altar_wand_db
D:7:      minmay_temple_entry_purple_smoke, serial_glass, glass_columns_a,
          glass_columns_a, uniq_pikel, uniq_joseph
D:8:      minmay_statue_hallways, grunt_pizzeria, minmay_liquid_box,
          uniq_maurice, uniq_erica, uniq_psyche
Sewer:    sewer_frog_island_02
Ossuary:  ossuary_boxes_badplayer

Skill      XL: |  1  2  3  4  5  6  7  8  9 |
---------------+----------------------------+-----
Dodging        | 3 4 5 6 |  6.6
Conjurations   | 2 3 4 5 6 8 |  8.2
Air Magic      | 4 5 6 7 8 |  8.5
Fighting       | 1 2 3 |  3.3
Spellcasting   | 4 5 6 |  6.9
Charms         | 3 5 |  5.4
Stealth        | |  2.4

Action                   |  1- 3 |  4- 6 |  7- 9 || total
-------------------------+-------+-------+-------++-------
Melee: Unarmed           |    12 |       |       ||    12
       Dagger            |     6 |       |       ||     6
       Staff             |    34 |    92 |    36 ||   162
       Trident           |       |       |     9 ||     9
       Quarterstaff      |       |       |    11 ||    11
 Cast: Shock             |    71 |   168 |   319 ||   558
       Repel Missiles    |     1 |       |       ||     1
       Static Discharge  |     2 |    16 |    61 ||    79
       Lightning Bolt    |       |       |    20 ||    20
       Sandblast         |       |       |     1 ||     1
  Use: Scroll            |     6 |     3 |    18 ||    27
       Potion            |       |     1 |     3 ||     4
 Stab: Sleeping          |     3 |     1 |       ||     4
  Eat: Chunk             |     4 |     8 |    12 ||    24
       Meat ration       |       |     1 |     2 ||     3
       Beef jerky        |       |       |     2 ||     2
       Bread ration      |       |       |     2 ||     2
Armor: Robe              |    17 |    45 |    41 ||   103
Dodge: Dodged            |    53 |   106 |   172 ||   331
       Deflected         |       |     1 |     7 ||     8
